 Dungeon Crawl Stone Soup version 0.22-a0-601-gb0ed703ee0 (webtiles) character file.

5291 PikkenKukken the Skirmisher (level 10, -11/96 HPs)
             Began as a Pale Draconian Fighter on July 7, 2018.
             Was a Believer of Wu Jian.
             Mangled by a hornet (12 damage)
             ... on level 8 of the Dungeon.
             The game lasted 00:34:54 (10586 turns).

PikkenKukken the Skirmisher (DrFi)                 Turns: 10586, Time: 00:34:54

Health: -11/96     AC:  7    Str: 23    XL:     10   Next: 37%
Magic:  14/14      EV: 14    Int: 10    God:    Wu Jian [**....]
Gold:   181        SH: 11    Dex: 15    Spells: 6/14 levels left

rFire    + . .     SeeInvis .   a - +0 rapier
rCold    . . .     Gourm    .   b - +0 shield
rNeg     . . .     Faith    +   (armour unavailable)
rPois    .         Spirit   .   (helmet restricted)
rElec    .         Reflect  .   (no cloak)
rCorr    .         Harm     .   (no gloves)
MR       .....                  (no boots)
Stlth    +.........             m - amulet of faith
HPRegen  0.26/turn              (no ring)
MPRegen  0.14/turn              (no ring)

@: mighty, lethally poisoned (-11 -> -12), slowed, very slow
A: breathe steam, unfitting armour, clever 1, fire resistance 1, robust 1,
cold-blooded, AC +7
a: Breathe Steam, Wall Jump, Renounce Religion


You were on level 8 of the Dungeon.
You worshipped Wu Jian.
Wu Jian was pleased with you.
You were not hungry.

You visited 1 branch of the dungeon, and saw 9 of its levels.

You collected 415 gold pieces.
You spent 234 gold pieces at shops.

Inventory:

Hand Weapons
 a - a +0 rapier (weapon)
Missiles
 f - 141 stones (quivered)
Armour
 b - a +0 shield (worn)
 o - a +2 large shield
Jewellery
 h - an uncursed ring of resist corrosion {unknown}
 k - an uncursed ring of protection from cold {unknown}
 m - an amulet of faith (around neck)
Scrolls
 p - 2 scrolls of teleportation
Potions
 i - a potion of haste
 j - a potion of invisibility
 n - 2 potions of curing
Comestibles
 d - 14 rations
 g - 3 chunks of flesh


   Skills:
 + Level 7.8 Fighting
 + Level 6.8 Short Blades
 + Level 5.6 Throwing
 + Level 6.4 Dodging
 + Level 7.1 Shields
 + Level 2.8 Spellcasting
 + Level 2.7 Hexes
 + Level 3.0 Ice Magic


You had 6 spell levels left.
You knew the following spells:

 Your Spells              Type           Power        Failure   Level  Hunger
a - Ensorcelled Hibernat  Hex/Ice        #.....       36%         2    ###....
b - Confuse               Hex            #.......     61%         3    ####...
c - Tukima's Dance        Hex            #.......     61%         3    ####...

Your spell library contained the following spells:

 Spells                   Type           Power        Failure   Level  Hunger
 Corona                   Hex            #......      26%         1    ##.....
 Dazzling Spray           Conj/Hex       #.....       80%         3    ####...


Dungeon Overview and Level Annotations

Branches:
Dungeon (9/15)             Temple (0/1) D:7            Lair (0/6) D:9
    Orc: D:9-12

Altars:
Cheibriados
Dithmenos
Fedhas
Gozag
Kikubaaqudgha
Nemelex Xobeh
Qazlal
Ru
Trog
Uskayaw
Wu Jian
Xom

Shops:
D:5 !   D:7 }

Annotations:
D:3 2 runed doors, Hercules1031's ghost, amateur FoFi
D:6 exclusion: oklob plant


Innate Abilities, Weirdness & Mutations

You can breathe blasts of scalding, opaque steam.
Your pale cyan-grey scales are hard. (AC +7)
You cannot fit into any form of body armour.
You are cold-blooded and may be slowed by cold attacks.
Your mind is acute. (Int +2)
Your flesh is heat resistant. (rF+)
You are robust. (+10% HP)


Message History

* * * LOW HITPOINT WARNING * * *
You are poisoned.
You feel yourself slow down. The hornet completely misses you.
You feel very mighty all of a sudden.
You feel sick. The hornet stings you!
* * * LOW HITPOINT WARNING * * *
You feel as though you will be slow longer.
You block the hornet's attack.
You closely miss the hornet. You tail-slap the hornet.
The hornet is heavily wounded.
You feel sick.
The hornet stings you but does no damage.
The hornet stings you!
* * * LOW HITPOINT WARNING * * *
You feel as though you will be slow longer.
You puncture the hornet!
The hornet is almost dead.
* * * LOW HITPOINT WARNING * * *
You feel sick. The hornet closely misses you. The hornet stings you!
You die...

#.........#
#.#.#
##.......##
#.#.#
##.....##
#.#.#
##....#
#.#.# ##.#.#
#.#.# ###.#
#.#.### #.#
#.#....
#.##########
#.####.
#...@y.....#
#.# #.
##########.#
#.# #. #.#
#.# #. #.#
#.####. #.#
#...... #.#
#...... #.#
##.###.
#.#####.# #.
#.(...#.###.


You could see a hornet.

Vanquished Creatures
  A two-headed ogre (D:9)
  Grinder (D:6)
  2 hippogriffs
  Sigmund (D:6)
  A yak (D:8)
  A human (D:8)
  4 hogs
  A black bear (D:8)
  3 ice beasts
  2 orc warriors
  5 sky beasts
  2 phantoms
  An ogre (D:8)
  2 centaurs (D:8)
  2 wolves (D:9)
  2 bullfrogs
  A scorpion (D:7)
  3 killer bees
  4 wights (D:7)
  A howler monkey (D:8)
  5 crimson imps
  A centaur zombie (D:5)
  A bullfrog zombie (D:5)
  3 hounds
  4 orc priests
  2 jellies
  4 orc wizards
  An iguana (D:5)
  5 worker ants
  A centaur simulacrum (D:9)
  A hound skeleton (D:8)
  2 howler monkey zombies
  5 adders
  A hound simulacrum (D:9)
  A shadow imp (D:6)
  A white imp (D:9)
  An adder zombie (D:5)
  3 adder skeletons
  3 worms
  3 dart slugs
  25 orcs
  2 ball pythons
  5 giant cockroaches
  9 goblins
  5 hobgoblins
  6 jackals
  8 kobolds
  4 quokkas
  9 bats
  2 frilled lizards
  A giant cockroach zombie (D:5)
  5 rats
169 creatures vanquished.

Notes
Turn   | Place    | Note
-------+----------+-------------------------------------------
     0 | D:1      | PikkenKukken the Draconian Fighter began the quest for the Orb.
     0 | D:1      | Reached XP level 1. HP: 19/19 MP: 1/1
   477 | D:1      | Reached XP level 2. HP: 23/26 MP: 2/2
   937 | D:2      | Found a bloodstained altar of Trog.
  1016 | D:2      | Reached XP level 3. HP: 23/31 MP: 3/3
  1112 | D:2      | Reached skill level 1 in Throwing
  1268 | D:2      | Reached XP level 4. HP: 34/40 MP: 4/4
  1625 | D:2      | Found a blossoming altar of Fedhas.
  1855 | D:3      | Found an opulent altar of Gozag.
  1949 | D:3      | Found a runed door.
  1949 | D:3      | Noticed Hercules1031's ghost (amateur FoFi)
  1950 | D:3      | Noticed a hippogriff
  2625 | D:3      | Found a runed door.
  2665 | D:3      | Reached XP level 5. HP: 46/46 MP: 5/5
  3586 | D:4      | Reached XP level 6. HP: 35/53 MP: 6/6
  3723 | D:4      | Found a snail-covered altar of Cheibriados.
  3986 | D:5      | Entered Level 5 of the Dungeon
  3995 | D:5      | Noticed a sky beast
  4024 | D:5      | Gained mutation: You do not regenerate when monsters are visible. [potion of mutation]
  4024 | D:5      | Gained mutation: You passively map a small area around you. [potion of mutation]
  4031 | D:5      | Killed a sky beast
  4110 | D:5      | Found a shadowy altar of Dithmenos.
  4110 | D:5      | Found an ornate altar of the Wu Jian Council.
  4111 | D:5      | Found a stormy altar of Qazlal.
  4111 | D:5      | Found a sparkling altar of Nemelex Xobeh.
  4180 | D:5      | Lost mutation: You do not regenerate when monsters are visible. [potion of mutation]
  4180 | D:5      | Lost mutation: You passively map a small area around you. [potion of mutation]
  4180 | D:5      | Gained mutation: Your flesh is heat resistant. (rF+) [potion of mutation]
  4180 | D:5      | Gained mutation: You are robust. (+10% HP) [potion of mutation]
  4180 | D:5      | Gained mutation: Your mind is acute. (Int +2) [potion of mutation]
  4225 | D:5      | Your scales start taking on a pale cyan-grey colour.
  4225 | D:5      | Reached XP level 7. HP: 36/66 MP: 7/7
  4242 | D:5      | Became a worshipper of the Wu Jian Council
  4371 | D:5      | Found a hide-covered altar of Uskayaw.
  4472 | D:5      | Reached skill level 5 in Fighting
  4934 | D:5      | Found Puqustrapp's Distillery.
  5176 | D:5      | Bought a potion of haste for 130 gold pieces
  5176 | D:5      | Bought a potion of curing for 39 gold pieces
  5176 | D:5      | Bought a potion of heal wounds for 65 gold pieces
  5732 | D:6      | Noticed Sigmund
  5736 | D:6      | Killed Sigmund
  5736 | D:6      | Reached skill level 5 in Shields
  5736 | D:6      | Reached XP level 8. HP: 73/77 MP: 8/8
  5832 | D:6      | Noticed Grinder
  5856 | D:6      | Killed Grinder
  5856 | D:6      | Reached skill level 5 in Short Blades
  5856 | D:6      | Reached skill level 5 in Dodging
  5861 | D:6      | Found an ancient bone altar of Kikubaaqudgha.
  5861 | D:6      | Noticed an oklob plant
  5902 | D:6      | Found a shimmering altar of Xom.
  5902 | D:6      | Found a shimmering altar of Xom.
  5902 | D:6      | Found a shimmering altar of Xom.
  6090 | D:6      | Reached * piety under Wu Jian
  6382 | D:6      | Found a shimmering altar of Xom.
  6382 | D:6      | Found a shimmering altar of Xom.
  6886 | D:7      | Found Asausami's Gadget Shoppe.
  7099 | D:7      | Noticed a hippogriff
  7107 | D:7      | Killed a hippogriff
  7267 | D:7      | Found a sacrificial altar of Ru.
  7270 | D:7      | Found a staircase to the Ecumenical Temple.
  7281 | D:7      | Reached XP level 9. HP: 85/85 MP: 9/9
  7991 | D:7      | Learned a level 2 spell: Ensorcelled Hibernation
  7995 | D:7      | Learned a level 3 spell: Confuse
  7999 | D:7      | Learned a level 3 spell: Tukima's Dance
  8610 | D:8      | Reached skill level 5 in Throwing
  8610 | D:8      | Reached skill level 1 in Spellcasting
  8610 | D:8      | Reached skill level 1 in Hexes
  8610 | D:8      | Reached skill level 1 in Ice Magic
  8620 | D:8      | Reached ** piety under Wu Jian
  8978 | D:8      | Found a bloodstained altar of Trog.
  9578 | D:9      | Reached XP level 10. HP: 65/94 MP: 13/13
 10312 | D:9      | Noticed a two-headed ogre
 10324 | D:9      | Killed a two-headed ogre
 10472 | D:9      | Found a staircase to the Lair.
 10556 | D:9      | Paralysed by a hornet for 1 turns
 10561 | D:9      | Paralysed by a hornet for 3 turns
 10568 | D:9      | Paralysed by a hornet for 1 turns
 10585 | D:8      | HP: 2/96 [hornet (10)]
 10586 | D:8      | Mangled by a hornet

Vault maps used:
D:1:      eino_arrival_cavern_a, kennysheep_another_room, solitary_fountain
D:2:      marbit_many_paths, first_ration, trog_three_pillars_becter
D:3:      grunt_gozag_breadcrumbs, ebering_ghost_inner_flame,
          kennysheep_generic_room_8, uniq_crazy_yiuf_cottage
D:4:      cheibriados_altar_1, lightli_temple_of_fire
D:5:      lemuel_crystal_altar, chequers_temple_overflow_statue_of_worship,
          serial_shops, shop
D:6:      xom_redecorated, lemuel_oklob_altar, uniq_grinder, uniq_sigmund
D:7:      lemuel_crystal_altar, minmay_temple_entry_glass, serial_shops, shop
D:8:      grunt_livestock, bloody_trog
D:9:      lair_entry_dummy, serial_ice, serial_ice_n, serial_ice_h,
          serial_ice_m, serial_ice_l

Skill      XL: |  1  2  3  4  5  6  7  8  9 10 |
---------------+-------------------------------+-----
Dodging        | 3 4 5 6 |  6.4
Throwing       | 1 2 3 4 5 |  5.6
Fighting       | 4 5 6 7 |  7.8
Short Blades   | 3 4 5 6 |  6.8
Shields        | 4 5 6 7 |  7.1
Spellcasting   | 2 |  2.8
Hexes          | 2 |  2.7
Ice Magic      | 2 3 |  3.0

Action                   |  1- 3 |  4- 6 |  7- 9 | 10-12 || total
-------------------------+-------+-------+-------+-------++-------
Melee: Rapier            |    82 |   264 |   407 |   110 ||   863
       Tailslap          |    12 |    44 |    75 |    27 ||   158
Throw: Stone             |       |    77 |    34 |    18 ||   129
Invok: Lunge             |       |       |    15 |     7 ||    22
       Whirlwind         |       |       |     2 |    29 ||    31
       Wall Jump         |       |       |     1 |     5 ||     6
 Abil: Breathe Steam     |       |       |     9 |     4 ||    13
  Use: Scroll            |     3 |     7 |     4 |       ||    14
       Potion            |       |     5 |     5 |     6 ||    16
 Stab: Sleeping          |     1 |     1 |     5 |       ||     7
       Distracted        |       |       |     1 |       ||     1
  Eat: Chunk             |     1 |     9 |     4 |     2 ||    16
       Ration            |       |     1 |     4 |       ||     5
Armor: Skin              |    14 |    45 |    78 |    15 ||   152
Dodge: Dodged            |    26 |    89 |   172 |    60 ||   347
Block: Shield            |    28 |   132 |   196 |    64 ||   420

Table legend:
 A = Spawn XP
 B = Non-spawn XP
 C = Spawn XP percentage of total XP
 D = Spawn monster count
 E = Non-spawn monster count
 F = Spawn count percentage of total count
 G = Total turns spent on level
                    A         B        C        D         E        F      G
               +---------+---------+-------+---------+---------+-------+---------
         Total |       0 |    7559 |   0.0 |       0 |     169 |   0.0 | 10586
               +---------+---------+-------+---------+---------+-------+---------
           D:1 |       0 |      27 |   0.0 |       0 |      13 |   0.0 |   994
           D:2 |       0 |     118 |   0.0 |       0 |      28 |   0.0 |   781
           D:3 |       0 |     143 |   0.0 |       0 |      29 |   0.0 |  1297
           D:4 |       0 |     128 |   0.0 |       0 |       7 |   0.0 |   914
           D:5 |       0 |     722 |   0.0 |       0 |      19 |   0.0 |  1545
           D:6 |       0 |    1003 |   0.0 |       0 |      17 |   0.0 |  1455
           D:7 |       0 |    1386 |   0.0 |       0 |      19 |   0.0 |  1384
           D:8 |       0 |    2269 |   0.0 |       0 |      23 |   0.0 |  1627
           D:9 |       0 |    1763 |   0.0 |       0 |      14 |   0.0 |   589
               +---------+---------+-------+---------+---------+-------+---------
